 Dungeon Crawl Stone Soup version 0.20.0-15-g7f486f2 (webtiles) character file.

28 Chiseanne the Magician (level 3, 24/24 HPs)
             Began as a Demonspawn Wizard on June 11, 2017.
             Quit the game on level 1 of the Dungeon.
             The game lasted 00:01:12 (1006 turns).

Chiseanne the Magician (Demonspawn Wizard)          Turns: 1006, Time: 00:01:13

Health: 24/24      AC:  2    Str:  7    XL:     3   Next: 0%
Magic:  4/7        EV: 12    Int: 20    God:
Gold:   20         SH:  0    Dex: 11    Spells: 7/8 levels left

rFire    . . .     SeeInvis .   h - +0 short sword
rCold    . . .     Gourm    .   (no shield)
rNeg     . . .     Faith    .   a - +0 robe
rPois    .         Spirit   .   b - +0 hat
rElec    .         Reflect  .   (no cloak)
rCorr    .         Harm     .   (no gloves)
MR       .....                  (no boots)
Stlth    ++........             (no amulet)
Regen    0.1/turn               (no ring)
MPRegen  0.1/turn               (no ring)

@: no status effects
A: antennae 1, powered by pain 1
a: no special abilities


You were on level 1 of the Dungeon.
You were not hungry.

You visited 1 branch of the dungeon, and saw 1 of its levels.

You collected 20 gold pieces.

Inventory:

Hand Weapons
 f - a +0 club
 h - a +0 short sword (weapon)
Missiles
 i - a stone (quivered)
Armour
 a - a +0 robe (worn)
 b - a +0 hat (worn)
Jewellery
 g - a +3 ring of strength {unknown}
 k - an uncursed ring of protection from fire {unknown}
Scrolls
 j - a scroll of amnesia
Potions
 e - a potion of might {unknown}
Books
 c - a book of Minor Magic

   Spells                             Type                      Level
   a - Magic Dart                     Conjuration                  1
   b - Blink                          Translocation                2
   c - Call Imp                       Summoning                    2
   d - Slow                           Hexes                        2
   e - Conjure Flame                  Conjuration/Fire             3
   f - Mephitic Cloud                 Conjuration/Poison/Air       3
Comestibles
 d - a bread ration


   Skills:
 - Level 1.7 Dodging
 - Level 1.7 Stealth
 * Level 3.4 Spellcasting
 * Level 2.3 Conjurations
   Level 1.0 Summonings
   Level 0.8 Translocations


You had 7 spell levels left.
You knew the following spells:

 Your Spells              Type           Power        Failure   Level  Hunger
a - Magic Dart            Conj           ##..         5%          1    None


Dungeon Overview and Level Annotations

Branches:
Dungeon (1/15)

Altars:


Innate Abilities, Weirdness & Mutations

You have a pair of small antennae on your head.
You sometimes gain a little power by taking damage.


Message History

Aiming: Magic Dart
Press: ? - help, Shift-Dir - straight line, f - rat
Aim: a rat The magic dart hits the rat.
The rat is heavily wounded.
Casting: Magic Dart
Confirm with . or Enter, or press ? or * to list all spells.
Aiming: Magic Dart
Press: ? - help, Shift-Dir - straight line, f/p - rat
Aim: a rat (heavily wounded)
The magic dart hits the rat.
You kill the rat!
You have reached level 3!
Your experience leads to an increase in your attributes!
Increase (S)trength, (I)ntelligence, or (D)exterity?
You feel clever.
You feel monstrous as your demonic heritage exerts itself.
Your demonic ancestry asserts itself...
A pair of antennae grows on your head!
Are you sure you want to abandon this character and quit the game? (Confirm with "yes".)

#.#####.# #.# ######
##.......# #.#
...... ##...######
## #.. .#####
##.###.## .( . #.##
##.### ##.##### #.#
#>..........[
#.#####.#####....
#.......# #..#
#.#####.#####@.####.
#.# #..).....h.....
#.# #....###.......
#.# #.........†.#..
#.#####.#########.#
# #..>....# .#
##..#.### # #..#.#
###....#


You could see a jackal.

Vanquished Creatures
  A gnoll (D:1)
  A dart slug (D:1)
  A giant cockroach (D:1)
  2 goblins (D:1)
  2 hobgoblins (D:1)
  A jackal (D:1)
  4 kobolds (D:1)
  2 ball pythons (D:1)
  2 frilled lizards (D:1)
  2 rats (D:1)
18 creatures vanquished.

Notes
Turn   | Place    | Note
-------+----------+-------------------------------------------
     0 | D:1      | Chiseanne the Demonspawn Wizard began the quest for the Orb.
     0 | D:1      | Reached XP level 1. HP: 13/13 MP: 4/4
   245 | D:1      | Gained mutation: You sometimes gain a little power by taking damage. [demonic ancestry]
   245 | D:1      | Reached XP level 2. HP: 8/19 MP: 0/6
  1005 | D:1      | Gained mutation: You have a pair of small antennae on your head. [demonic ancestry]
  1005 | D:1      | Reached XP level 3. HP: 24/24 MP: 4/7
  1006 | D:1      | Quit the game

Skill      XL: |  1  2 |
---------------+-------+-----
Conjurations   | 2 |  2.3
Dodging        | |  1.7
Stealth        | |  1.7
Spellcasting   | |  3.4
Summonings     | |  1.0
Translocations | |  0.8

Action                   || total
-------------------------++-------
Melee: Club              ||    10
       Short sword       ||     5
 Cast: Magic Dart        ||    42
  Use: Scroll            ||     1
Armor: Robe              ||     3
Dodge: Dodged            ||    11
